 Dungeon Crawl Stone Soup version 0.24-a0-203-gf0bc1e94ae (console) character file.

Game seed: 17352133926040815872

8 CedricFluffyTheSecon the Insei (level 2, -2/21 HPs)
             Began as an Octopode Monk on Mar 28, 2019.
             Slain by a goblin
             ... wielding a +0 dagger
              (3 damage)
             ... on level 2 of the Dungeon.
             The game lasted 00:00:51 (681 turns).

CedricFluffyTheSecon the Insei (Octopode Monk)       Turns: 681, Time: 00:00:52

Health: -2/21      AC:  1    Str: 10    XL:     2   Next: 8%
Magic:  2/2        EV: 14    Int: 12    God:
Gold:   80         SH:  0    Dex: 14    Spells: 1/1 levels left

rFire    . . .     SeeInvis .     - Unarmed
rCold    . . .     Gourm    .   (no shield)
rNeg     . . .     Faith    .   (helmet restricted)
rPois    .         Spirit   .   (no amulet)
rElec    .         Reflect  .   (no ring)
rCorr    .         Harm     .   (no ring)
MR       .....                  (no ring)
Stlth    +++.......             (no ring)
HPRegen  0.07/turn              (no ring)
MPRegen  0.08/turn              (no ring)
                                (no ring)
                                (no ring)

@: slowed, very slow
A: almost no armour, stealthy swim, amphibious, 8 rings, constrict 8, camouflage
1, gelatinous body 1
a: no special abilities


You were on level 2 of the Dungeon.
You were not hungry.

You visited 1 branch of the dungeon, and saw 2 of its levels.

You collected 80 gold pieces.

Inventory:

Scrolls
 c - 2 scrolls of amnesia {unknown}
 d - a scroll of enchant armour {unknown}
 e - a scroll of random uselessness {unknown}
 f - a scroll of fog {unknown}
 i - a scroll of magic mapping {unknown}
 j - a scroll of identify {unknown}
Potions
 b - a potion of resistance {unknown}
 g - a potion of agility {unknown}
 h - a potion of berserk rage {unknown}
Comestibles
 a - 2 rations


   Skills:
 + Level 3.2 Fighting
 - Level 3.0 Dodging
 - Level 2.6 Stealth
 * Level 3.4 Unarmed Combat


You had one spell level left.
You didn't know any spells.
Your spell library was empty.

Dungeon Overview and Level Annotations

Branches:
Dungeon (2/15)

Altars:

Annotations:
D:2 1 runed translucent door, Crazy Yiuf, Natasha


Innate Abilities, Weirdness & Mutations

You cannot wear most types of armour.
You are very stealthy in the water. (Stealth+)
You are amphibious.
You can wear up to eight rings at the same time.
You can use your tentacles to constrict eight enemies at once.
Your skin changes colour to match your surroundings (Stealth+).
Your rubbery body absorbs attacks. (AC +1, EV +1)


Message History

You are too injured to fight recklessly!
You are too injured to fight recklessly!
You are too injured to fight recklessly!
You are too injured to fight recklessly!
You are too injured to fight recklessly!
You are too injured to fight recklessly!
You are too injured to fight recklessly!
You are too injured to fight recklessly!
You tentacle-slap the goblin but do no damage.
You grab the goblin. You constrict the goblin. Something claws you!
* * * LOW HITPOINT WARNING * * *
The goblin hits you with a +0 dagger.
* * * LOW HITPOINT WARNING * * *
Something claws you.
* * * LOW HITPOINT WARNING * * *
You release your grip on the goblin.
You hear some strange, mumbled words.
You feel as though you will be slow longer.
The goblin hits you with a +0 dagger.
You die...

♣.♣ #.# .♣♣
#.########### .♣
#####.........?!#
♣♣
#....#..........#
.♣♣
#.##.......>....#
..♣♣
#.####..........#
...♣ #.#
#..........# ..##
#.# #.........[#
...####.#
#....@g....#
........#
#..........#
........#
############
........#
........#
......<##########
#.....≈.≈..≈.≈≈.#
##...≈..≈≈...≈≈.#
#..≈≈≈≈≈≈≈≈≈≈≈≈#


You could see a goblin.

Vanquished Creatures
  2 goblins (D:1)
  A kobold (D:1)
  4 bats
  A rat (D:1)
8 creatures vanquished.

Notes
Turn   | Place    | Note
-------+----------+-------------------------------------------
     0 | D:1      | CedricFluffyTheSecon the Octopode Monk began the quest for
                  | the Orb.
     0 | D:1      | Reached XP level 1. HP: 16/16 MP: 1/1
   583 | D:2      | Found a faded altar of an unknown god.
   590 | D:2      | Reached XP level 2. HP: 21/21 MP: 2/2
   646 | D:2      | Found a runed translucent door.
   647 | D:2      | Noticed Crazy Yiuf
   670 | D:2      | Noticed Natasha
   680 | D:2      | HP: 1/21 [something (2)]
   681 | D:2      | Slain by a goblin

Levels and vault maps discovered:
D:1:      scummos_arrival_hexagon, layout_basic
D:2:      layout_rooms, regret_index_temple_of_mockery, okawaru_trees_2,
          nicolae_gozag_zags_fifth_avenue, chequers_ecumenical_altar_island,
          first_ration, uniq_crazy_yiuf_cottage, uniq_natasha

Action                   || total
-------------------------++-------
Melee: Unarmed           ||    16
       Constrict         ||     7
       Tentacles         ||     4
 Stab: Sleeping          ||     4
Armor: Skin              ||     1
Dodge: Dodged            ||     9

Table legend:
 A = Non-vault XP
 B = Vault XP
 C = Vault XP percentage of total XP
 D = Non-vault monster count
 E = Vault monster count
 F = Vault count percentage of total count
                 A         B        C        D         E       F
            +---------+---------+-------+---------+---------+-------
      Total |      12 |       0 |   0.0 |       8 |       0 |   0.0
            +---------+---------+-------+---------+---------+-------
        D:1 |       9 |       0 |   0.0 |       6 |       0 |   0.0
        D:2 |       3 |       0 |   0.0 |       2 |       0 |   0.0
            +---------+---------+-------+---------+---------+-------
